 Dungeon Crawl Stone Soup version 0.16-a0-4092-gb8933cd (console) character file.

201675 MrRokkomies the Peltast (level 17, -1/167 HPs)
             Began as a Troll Chaos Knight on Feb 21, 2015.
             Was the Champion of Jiyva.
             Succumbed to a black mamba's poison
             ... on level 4 of the Snake Pit on Feb 24, 2015.
             The game lasted 04:07:27 (37318 turns).

MrRokkomies the Peltast (Troll Chaos Knight)       Turns: 37318, Time: 04:07:27

Health: -1/167     AC: 19    Str: 13    XL:     17   Next: 92%
Magic:  24/25      EV: 22    Int: 17    God:    Jiyva [******]
Gold:   2537       SH: 22    Dex: 34    Spells: 8 memorised, 1 level left

rFire  . . .     SeeInvis .       - Unarmed
rCold  + . .     Clarity  .     j - +5 robe of the Trees {rElec Int+6 Dex+6 Slay+3 Stlth-}
rNeg   . . .     SustAb   .     i - +2 large shield {rC+}
rPois  .         Gourm    +     s - +2 hat {MR+}
rElec  +         Spirit   .     U - +1 cloak {MR+}
rCorr  +         Warding  .     (gloves unavailable)
rMut   .         Stasis   .     (boots unavailable)
MR     +++..                    Y - amulet of rage
Stlth  +++.......               f - +6 ring of dexterity
                                e - +4 ring of slaying

@: lethally poisoned (-1 -> -8), constricted, studying Ice Magic, extremely
resistant to hostile enchantments, fairly stealthy
A: unfitting armour, claws 3, iridescent scales 1, camouflage 1, breathe flames
1, fast metabolism 3, gourmand, regeneration 2, shaggy fur 1, tough skin 2,
eyeballs 1, gelatinous body 1, MP-powered wands 1
a: Request Jelly, Jelly Paralyse, Slimify, Cure Bad Mutation, Renounce Religion,
Breathe Fire, Evoke Berserk Rage
}: 1/15 runes: decaying


You were on level 4 of the Snake Pit.
You worshipped Jiyva.
Jiyva was exalted by your worship.
You were very full.

You visited 6 branches of the dungeon, and saw 41 of its levels.
You also visited: Ice Cave and Volcano.

You collected 5577 gold pieces.
You spent 3040 gold pieces at shops.

Inventory:

Hand weapons
 b - the +10 blowgun of Defence {evade, -Cast +Fly MP-9 Str+4 Dex+4}
   (You bought it in a shop on level 13 of the Dungeon)

   It affects your evasion (+5 to EV).
   It affects your strength (+4).
   It affects your dexterity (+4).
   It affects your magic capacity (-9).
   It lets you fly.
   It prevents spellcasting.
Missiles
 k - 97 poisoned needles
 t - 57 tomahawks (quivered)
 u - 17 large rocks
 M - 3 throwing nets
 O - 4 curare-tipped needles
Armour
 i - a +2 large shield of cold resistance (worn)
 j - the +5 robe of the Trees (worn) {rElec Int+6 Dex+6 Slay+3 Stlth-}
   (You bought it in a shop on level 5 of the Dungeon)

   It affects your intelligence (+6).
   It affects your dexterity (+6).
   It affects your accuracy and damage with ranged weapons and melee attacks
   (+3).
   It insulates you from electricity.
   It makes you less stealthy.
 s - a +2 hat of magic resistance (worn)
 P - a +2 cloak of cold resistance
 U - a +1 cloak of magic resistance (worn)
Rods
 y - a +1 rod of ignition (12/12)
   (You found it on level 12 of the Dungeon)
Jewellery
 e - a +4 ring of slaying (left claw)
 f - a +6 ring of dexterity (right claw)
 x - an uncursed ring of see invisible
 z - the ring "Ynusasch" {Fire Dex+4}
   (You found it on level 7 of the Lair of Beasts)

   [ring of fire]

   It enhances your fire magic, and weakens your ice magic.
   It affects your dexterity (+4).
   It protects you from fire.
   It makes you vulnerable to cold.
 J - an uncursed ring of flight
 K - an uncursed ring of invisibility
 Q - an uncursed amulet of regeneration
 S - an uncursed ring of positive energy
 Y - an amulet of rage (around neck)
Magical devices
 d - a wand of digging (0)
 q - a wand of lightning (0)
 B - a wand of lightning (6)
 G - a wand of hasting (5)
Scrolls
 c - 6 scrolls of teleportation
 g - 4 scrolls of immolation
 h - 2 scrolls of identify
 n - 9 scrolls of remove curse
 p - 3 scrolls of fear
 C - 2 scrolls of recharging
 E - 2 scrolls of blinking
 L - 3 scrolls of fog
 V - a scroll of holy word
Potions
 m - 4 potions of magic
 o - a potion of ambrosia
 r - 4 potions of agility
 w - 2 potions of haste
 H - 4 potions of restore abilities
 I - 4 potions of cancellation
 R - a potion of might
 X - a potion of resistance
Books
 A - a manual of Ice Magic
 D - a book of Battle

   Spells                             Type                      Level
   a - Infusion                       Charms                       1
   b - Shroud of Golubria             Charms/Translocation         2
   c - Song of Slaying                Charms                       2
   d - Spectral Weapon                Hexes/Charms                 3
   e - Regeneration                   Charms/Necromancy            3
Miscellaneous
 v - a lantern of shadows
 Z - a disc of storms
Comestibles
 a - 10 meat rations
 l - 14 bread rations
 F - a slice of pizza
 N - 9 beef jerkies
 T - 18 fruits


   Skills:
 - Level 10.4 Fighting
 - Level 1.5 Armour
 - Level 10.0 Dodging
 - Level 15.1 Shields
 * Level 14.8 Unarmed Combat
 - Level 3.1 Translocations
 * Level 13.4 Ice Magic
 - Level 9.0 Evocations


You had one spell level left.
You knew the following spells:

 Your Spells              Type           Power        Failure   Level  Hunger
a - Summon Butterflies    Summ           #.......     24%         1    ##.....
b - Confusing Touch       Hex            #.....       34%         2    ###....
c - Animate Skeleton      Necr           N/A          24%         1    ##.....
d - Apportation           Tloc           ##........   10%         1    ##.....
e - Ozocubu's Armour      Chrm/Ice       ###.....     6%          3    ####...
f - Swiftness             Chrm/Air       #.......     34%         2    ###....
g - Song of Slaying       Chrm           #.......     34%         2    ###....
h - Regeneration          Chrm/Necr      #.........   73%         3    ####...


Dungeon Overview and Level Annotations

Branches:
Dungeon (15/15)            Temple (0/1) D:7            Lair (8/8) D:9
  Swamp (5/5) Lair:6        Snake (4/5) Lair:4        Slime (5/6) Lair:7
    Orc (4/4) D:12            Elf (0/3) Orc:3        Vaults (0/5) D:13
 Depths (0/5) D:15

Altars:
Dithmenos
Makhleb
Trog
Vehumet
Xom
Yredelemnul
Beogh
Jiyva

Shops:
D:5 [   D:8 =!*(   D:12 (   D:13 (   Orc:4 :*=:

Portals:
Hell: Lair:8


Innate Abilities, Weirdness & Mutations

You are too large for most types of armour.
You have claws for hands.
Your metabolism is lightning-fast.
You like to eat raw meat.
You heal very quickly.
You are covered in fur (AC +1).
You have very tough skin (AC +2).
You are partially covered in iridescent scales (AC +4).
Your skin changes colour to match your surroundings (Stealth).
You can breathe flames.
Your body is partially covered in golden eyeballs (Acc +3).
Your rubbery body absorbs attacks (AC +1).
You expend magic power (3 MP) to slightly strengthen your wands.


Message History

The naga warrior is severely wounded.
You feel sick. The naga warrior blocks your attack.
The naga warrior is severely wounded.
You feel sick. You block the naga warrior's attack.
* * * LOW HITPOINT WARNING * * *
The naga warrior constricts you. The naga warrior blocks your attack.
The naga warrior is severely wounded.
You feel sick. The naga warrior hits you with a club!!
* * * LOW HITPOINT WARNING * * *
x2 The naga warrior constricts you.
Drink which item? (? for menu, Esc to quit)
Okay, then.
Unknown command.
Unknown command.
Use which ability? (? or * to list)
You feel slightly less full.
You die...
Xom snickers!

.. #.. ###.### #......##
#......N)#####
.......[@....# ..#..
#......)(.J..# ..#..#
##.......(##.### ..#..
######..###...# ..#..
.....###...# ..#..
##.........# ..#.#
##..####..# ..#.#
#..####..## ..#.#
#..#......#
<.#.###########.....†...#
..#)...).........#......#


You could see a naga warrior (bleeding) and a neutral jelly (fellow slime).

Vanquished Creatures
  Nikola (Swamp:5)
  The ghost of Scytalen the Devastator, a mighty DrFE of Sif Muna (Snake:3)
  An acid blob (Lair:7)
  2 thorn hunters
  Rupert (Lair:4)
  A greater naga (Snake:4)
  2 azure jellies (Lair:7)
  Wiglaf (Swamp:4)
  Maud (Swamp:1)
  Aizul (Swamp:4)
  Gastronok (Orc:3)
  2 rakshasas (D:15)
  A reaper (Snake:2)
  Azrael (Snake:2)
  A dire elephant (Lair:8)
  Snorg (Snake:4)
  An ettin (Orc:3)
  The ghost of Charly the Carver, a powerful HuWn of Gozag (Lair:1)
  A fire dragon (D:15)
  A quicksilver dragon skeleton (D:15)
  Fannar (Lair:1)
  16 hydras
  8 naga warriors
  A hell beast (Lair:8)
  9 anacondas
  Erica (D:11)
  3 ghost crabs
  2 dancing weapons (D:13)
  2 centaur warriors
  11 alligators
  4 orc high priests (Orc:4)
  4 death yaks
  5 shock serpents
  A deep elf knight (Volcano)
  3 naga sharpshooters
  4 spriggans
  Nergalle (D:13)
  A skeletal warrior (D:15)
  A fire crab (Lair:7)
  A catoblepas (Lair:5)
  A salamander mystic (Snake:4)
  Erolcha (D:11)
  5 naga ritualists
  4 spriggan druids
  8 swamp dragons
  2 unseen horrors
  An ice statue (IceCv)
  5 hill giants
  2 shambling mangroves (Swamp:4)
  6 mana vipers
  6 orc knights
  9 ugly things
  2 necromancers
  A wolf spider (D:15)
  A wolf spider zombie (D:15)
  7 griffons
  A manticore (D:11)
  4 orc sorcerers
  A stone giant zombie (D:15)
  A fire giant zombie (D:15)
  A shining eye (Lair:7)
  A phantasmal warrior (D:15)
  2 wizards
  17 slime creatures
  10 elephants
  4 guardian serpents
  A sixfirhy (Snake:2)
  40 black mambas
  An oklob plant (Lair:7)
  2 cyclopes
  4 salamanders
  4 centaur zombies
  Joseph (D:9)
  5 orange demons (Lair:8)
  A torpor snail (Lair:7)
  16 spiny frogs
  9 naga magi
  A gargoyle (D:12)
  5 fire drakes
  3 komodo dragons
  A guardian mummy (D:15)
  A deep elf priest (Volcano)
  3 blue devils (Lair:8)
  10 freezing wraiths (IceCv)
  A hellwing (Lair:8)
  7 giant leeches
  Sonja (D:15)
  A boulder beetle (Lair:6)
  9 trolls
  A wolf spider simulacrum (IceCv)
  A fire vortex (D:12)
  5 blink frogs
  A two-headed ogre (D:15)
  8 bog bodies
  6 ravens
  10 baby alligators
  A fire dragon zombie (D:15)
  4 basilisks
  5 shadows
  14 yaks
  3 deep elf magi
  A wraith (D:15)
  3 golden eyes
  A trapdoor spider (D:15)
  3 fire elementals (Snake:2)
  15 hippogriffs
  4 wandering mushrooms (D:9)
  Eustachio (D:6)
  3 wyverns
  A spatial vortex (D:7)
  21 wolves
  A hungry ghost (D:10)
  A soldier ant (D:13)
  22 vampire mosquitoes
  A neqoxec (D:12)
  A deep elf fighter (Volcano)
  A human (D:2)
  8 insubstantial wisps
  25 swamp worms
  A warg (shapeshifter) (D:8)
  Edmund (D:9)
  A mottled dragon (D:15)
  3 wargs
  33 nagas
  25 water moccasins
  2 hell hounds
  10 porcupines
  5 phantoms
  12 swamp drakes
  8 sky beasts
  33 orc warriors
  10 ice beasts
  An ogre (shapeshifter) (D:11)
  4 wasps
  2 boring beetles
  8 ogres
  20 centaurs
  A big kobold (D:8)
  13 giant frogs
  20 crocodiles
  4 killer bees (D:11)
  A wyvern skeleton (D:14)
  An elephant simulacrum (IceCv)
  4 scorpions
  25 wights
  2 vampire bats (Lair:8)
  6 crimson imps
  5 electric eels (Snake:1)
  3 quasits
  2 draconian simulacra (IceCv)
  2 gnoll shamans
  A goliath beetle (D:6)
  3 giant frog zombies
  28 orc priests
  5 giant frog skeletons
  A human zombie (D:2)
  14 hounds
  2 iron imps
  22 jellies
  5 centaur skeletons
  6 iguanas
  2 spriggan simulacra (IceCv)
  26 orc wizards
  A polar bear simulacrum (IceCv)
  9 troll simulacra (IceCv)
  9 worker ants
  A killer bee zombie (D:9)
  14 sheep
  A wolf simulacrum (IceCv)
  A centaur simulacrum (IceCv)
  A hound skeleton (D:4)
  A mummy (D:11)
  4 naga simulacra (IceCv)
  58 river rats
  24 adders
  15 gnolls
  An ogre simulacrum (IceCv)
  8 shadow imps
  4 worms
  27 white imps
  3 ufetubi
  An orc skeleton (Orc:4)
  An adder skeleton (D:8)
  2 adder zombies
  7 giant geckos
  3 oozes
  185 orcs
  A ball python (Snake:2)
  16 bats
  3 bat skeletons
  4 giant cockroaches
  13 goblins
  17 hobgoblins
  26 kobolds
  6 giant newts
  2 giant spores
  16 jackals
  A jackal zombie (D:2)
  An orc zombie (Orc:4)
  16 quokkas
  A quokka skeleton (D:7)
  14 rats
  11 ballistomycetes (D:12)
  2 briar patches
  A bush (Lair:7)
  3 fungi
1422 creatures vanquished.

Vanquished Creatures (collateral kills)
  A thorn hunter (Swamp:5)
  The ghost of WhatIsLove the Devastator, a powerful DgCj (Lair:8)
  A spriggan druid (Swamp:5)
  A salamander (Snake:1)
  2 elephants (Lair:8)
  A red devil (Lair:8)
  A raven (Swamp:4)
  A spriggan (Swamp:5)
  A naga (Snake:1)
  A swamp worm (Swamp:5)
  2 wolves (Lair:3)
  2 orc warriors (Orc:4)
  2 water moccasins
  A sky beast (D:15)
  A wasp (Swamp:5)
  2 orc wizards
  A white imp (Lair:3)
  An ufetubus (Lair:8)
  3 orcs (Orc:2)
26 creatures vanquished.

Vanquished Creatures (others)
  An acid blob (Swamp:5)
  An azure jelly (Swamp:5)
  An alligator (Swamp:1)
  A hydra (Swamp:5)
  A naga ritualist (Snake:1)
  2 swamp dragons (Swamp:5)
  4 black mambas
  A fire drake (Swamp:4)
  4 blink frogs (Swamp:4)
  A hydra skeleton (Swamp:4)
  A bog body (Swamp:5)
  15 slime creatures
  2 ravens (D:15)
  7 shadows
  A vampire mosquito (Swamp:1)
  A swamp worm (Swamp:4)
  4 nagas
  A swamp drake (Swamp:5)
  An eye of draining (D:15)
  A naga skeleton (Snake:1)
  A giant frog (Swamp:2)
  3 crimson imps
  An iguana (D:12)
  79 jellies
  8 quasits
  A troll simulacrum (IceCv)
  2 adders (Snake:2)
  2 shadow imps (Lair:8)
  4 ufetubi
  2 white imps (Lair:8)
  2 orcs
  A giant spore (D:12)
  A briar patch (Swamp:4)
  2 fungi
  A plant (Lair:7)
161 creatures vanquished.

Grand Total: 1609 creatures vanquished

Notes
Turn   | Place    | Note
--------------------------------------------------------------
     0 | D:1      | MrRokkomies, the Troll Chaos Knight, began the quest for the Orb.
     0 | D:1      | Reached XP level 1. HP: 22/22 MP: 1/1
    12 | D:1      | XOM: silly message
   188 | D:1      | XOM: mild Tloc miscast
   189 | D:1      | Noticed a spatial vortex
   285 | D:1      | XOM: chaos cloud
   289 | D:1      | Reached XP level 2. HP: 29/29 MP: 1/1
   415 | D:1      | XOM: polymorph hobgoblin -> bat
  1167 | D:2      | Reached XP level 3. HP: 34/37 MP: 2/2
  1281 | D:2      | Reached skill level 4 in Unarmed Combat
  1300 | D:2      | XOM: 8-stop teleportation journey
  1651 | D:2      | Found a runed door.
  1651 | D:2      | Noticed a human
  1657 | D:2      | Found a basalt altar of Yredelemnul.
  1666 | D:2      | XOM: enchant monster (bad)
  1669 | D:2      | Reached XP level 4. HP: 31/45 MP: 2/2
  1701 | D:2      | Killed a human
  1701 | D:2      | Reached skill level 5 in Unarmed Combat
  1701 | D:2      | Reached XP level 5. HP: 41/54 MP: 2/2
  1996 | D:3      | XOM is BORED!
  1996 | D:3      | XOM: 3-stop teleportation journey
  2066 | D:3      | Found a shadowy altar of Dithmenos.
  2378 | D:3      | XOM: medium Divn miscast
  2381 | D:3      | Reached XP level 6. HP: 42/62 MP: 3/3
  2491 | D:3      | XOM: medium Divn miscast
  2520 | D:3      | XOM: medium Divn miscast
  2527 | D:3      | XOM: summons 2 friendly demons
  3206 | D:4      | Reached skill level 5 in Fighting
  3211 | D:4      | Reached skill level 6 in Unarmed Combat
  3211 | D:4      | Reached XP level 7. HP: 72/72 MP: 3/3
  3291 | D:4      | XOM: potion effect (berserk rage)
  3324 | D:4      | XOM: mild Conj miscast
  3492 | D:4      | XOM: harmless Air miscast
  3680 | D:5      | Entered Level 5 of the Dungeon
  3697 | D:5      | Found a radiant altar of Vehumet.
  3729 | D:5      | XOM is BORED!
  3729 | D:5      | XOM: noise
  4195 | D:5      | Found Utegayma's Antique Armour Boutique.
  4196 | D:5      | XOM: polymorph worker ant -> ooze
  4235 | D:5      | Reached skill level 7 in Unarmed Combat
  4308 | D:5      | Reached XP level 8. HP: 81/83 MP: 3/3
  4502 | D:5      | XOM: silly message
  4554 | D:6      | XOM: enchant monster (good)
  4695 | D:6      | XOM: divination: magic mapping
  4764 | D:6      | Noticed Eustachio
  4775 | D:6      | Killed Eustachio
  4775 | D:6      | Reached skill level 8 in Unarmed Combat
  4994 | D:6      | XOM: summons 2 friendly demons
  5006 | D:6      | Upgraded the game from 0.16-a0-4060-g00983b4 to 0.16-a0-4078-g0e80503
  5207 | D:6      | Reached XP level 9. HP: 93/93 MP: 4/4
  5216 | D:6      | Reached skill level 9 in Unarmed Combat
  5470 | D:7      | XOM: potion effect (heal wounds)
  5763 | D:7      | XOM: harmless Tloc miscast
  5801 | D:7      | XOM: god gift: scroll of random uselessness
  5820 | D:7      | XOM: scenery: 3 doors open, 1 doors close
  5883 | D:7      | XOM: divination: detect items
  5894 | D:7      | Found a staircase to the Ecumenical Temple.
  5901 | D:7      | XOM: enchant monster (good)
  5906 | D:7      | Reached skill level 1 in Shields
  5953 | D:7      | XOM: give mutations
  5953 | D:7      | Gained mutation: You have a pair of small antennae on your head. [Xom's grace]
  5953 | D:7      | Gained mutation: You are resistant to hostile enchantments. [Xom's grace]
  5953 | D:7      | Gained mutation: You can spit poison. [Xom's grace]
  5953 | D:7      | Gained mutation: You are somewhat resistant to further mutation. [Xom's grace]
  6037 | D:7      | XOM: enchant monster (good)
  6047 | D:7      | XOM: divination: detect creatures
  6103 | D:7      | XOM is BORED!
  6103 | D:7      | XOM: mild Tloc miscast
  6148 | D:7      | XOM: god gift: dagger {god gift}
  6411 | D:7      | XOM: harmless Fire miscast
  6456 | D:7      | XOM: harmless Divn miscast
  6555 | D:7      | XOM: colour smoke trail
  6837 | D:8      | Found Doirch's General Store.
  6837 | D:8      | Found Kele's Distillery.
  6841 | D:8      | XOM: blink monster(s)
  6847 | D:8      | Reached skill level 10 in Unarmed Combat
  6856 | D:8      | XOM: 1-stop teleportation journey
  6957 | D:8      | XOM: polymorph centaur -> sky beast
  6970 | D:8      | Reached skill level 1 in Evocations
  6998 | D:8      | XOM: potion effect (invisibility)
  7097 | D:8      | Found Thratsiti's Jewellery Shop.
  7105 | D:8      | Got a crude wooden ring
  7197 | D:8      | Found Khiekoen's Weapon Boutique.
  7249 | D:8      | Reached XP level 10. HP: 77/102 MP: 7/8
  7254 | D:8      | XOM: cast spell 'Stoneskin'
  7532 | D:8      | XOM: colour smoke trail
  7585 | D:8      | XOM: medium Air miscast
  7655 | D:9      | Noticed Edmund
  7663 | D:9      | Killed Edmund
  7664 | D:9      | XOM: potion effect (haste)
  7666 | D:9      | Found a staircase to the Lair.
  7672 | D:9      | XOM: enchant monster (good)
  7674 | D:9      | XOM: silly message
  7682 | D:9      | Reached skill level 5 in Shields
  7728 | D:9      | XOM: enchant monster (good)
  7729 | D:9      | Noticed Joseph
  7730 | D:9      | XOM: enchant monster (good)
  7734 | D:9      | Killed Joseph
  7746 | D:9      | XOM: harmless Chrm miscast
  7820 | D:9      | Noticed a six-headed hydra
  7823 | D:9      | Noticed a griffon
  7823 | D:9      | a six-headed hydra changed into a griffon
  7826 | D:9      | XOM: cast spell 'Olgreb's Toxic Radiance'
  7833 | D:9      | Killed a griffon
  7878 | D:9      | Reached skill level 5 in Evocations
  7889 | D:9      | XOM: harmless Erth miscast
  7998 | D:9      | XOM: colour smoke trail
  8012 | D:9      | Identified the ring "Yfiynn" {Wiz Str+2 Slay-2 Stlth+} (You found it on level 8 of the Dungeon)
  8363 | D:10     | Entered Level 10 of the Dungeon
  8370 | D:10     | XOM: cast spell 'Stoneskin'
  8399 | D:10     | XOM: chaos upgrade
  8507 | D:10     | XOM: silly message
  8508 | D:10     | XOM: potion effect (haste)
  8511 | D:10     | XOM: potion effect (haste)
  8512 | D:10     | XOM: potion effect (curing)
  8522 | D:10     | XOM: potion effect (might)
  8701 | D:10     | XOM: potion effect (might)
  8703 | D:10     | Reached XP level 11. HP: 98/109 MP: 15/15
  8729 | D:10     | XOM: divination: detect items
  8851 | D:10     | XOM: give mutation
  8851 | D:10     | Gained mutation: You can translocate small distances at will. [Xom's grace]
  9429 | D:11     | Noticed a centaur warrior
  9438 | D:11     | Killed a centaur warrior
  9566 | D:11     | XOM: harmless Ice miscast
  9602 | D:11     | XOM: polymorph orc warrior -> ogre
  9604 | D:11     | Noticed a hill giant
  9607 | D:11     | XOM: snakes to sticks
  9615 | D:11     | Killed a hill giant
  9662 | D:11     | Killed an unseen horror
  9777 | D:11     | Noticed Erica
  9788 | D:11     | Killed Erica
  9930 | D:11     | XOM: confusion
  9997 | D:11     | Noticed Erolcha
 10001 | D:11     | Killed Erolcha
 10153 | D:12     | XOM: mild Fire miscast
 10207 | D:12     | Found Kistroa's Weapon Shop.
 10298 | D:12     | Identified a -2 rod of ignition (9/9) (You found it on level 12 of the Dungeon)
 10370 | D:12     | XOM: summons friendly white imp
 10375 | D:12     | XOM: chaos upgrade
 10407 | D:12     | XOM: noise
 10412 | D:12     | XOM: polymorph white imp -> ufetubus
 10436 | D:12     | XOM: enchant monster (bad)
 10529 | D:12     | Found a staircase to the Orcish Mines.
 10545 | D:12     | XOM: summons 2 hostile demons
 10558 | D:12     | Noticed a six-headed hydra
 10563 | D:12     | XOM: summons 5 hostile demons
 10565 | D:12     | Killed a six-headed hydra
 10565 | D:12     | Reached XP level 12. HP: 49/118 MP: 20/20
 10570 | D:12     | XOM: smoke on damage
 10624 | D:12     | XOM: colour smoke trail
 10862 | D:12     | XOM: mild Tloc miscast
 10869 | D:12     | XOM: noise
 10894 | D:12     | XOM: colour smoke trail
 10936 | D:12     | XOM: harmless Chrm miscast
 10985 | D:12     | XOM: colour smoke trail
 11068 | Orc:1    | Entered Level 1 of the Orcish Mines
 11070 | Orc:1    | XOM: noise
 11097 | Orc:1    | XOM: summons 2 hostile shadow creatures
 11130 | Orc:1    | Found a roughly hewn altar of Beogh.
 11310 | Orc:1    | XOM: silly message
 11612 | Orc:2    | XOM: medium Necr miscast
 11615 | Orc:2    | XOM: harmless Ice miscast
 11619 | Orc:2    | XOM: summons friendly quasit
 11882 | D:10     | XOM: harmless Erth miscast
 11975 | D:8      | Bought a +4 ring of slaying for 1092 gold pieces
 11977 | D:8      | Upgraded the game from 0.16-a0-4078-g0e80503 to 0.16-a0-4088-g7c8221e
 12050 | D:10     | XOM: give mutation
 12050 | D:10     | Gained mutation: Armour fits poorly on your strangely shaped body. [Xom's mischief]
 12196 | Lair:1   | Entered Level 1 of the Lair of Beasts
 12260 | Lair:1   | Noticed Charly's ghost (powerful HuWn)
 12272 | Lair:1   | Noticed a seven-headed hydra
 12274 | Lair:1   | a seven-headed hydra changed into a death yak
 12274 | Lair:1   | XOM: polymorph seven-headed hydra -> death yak
 12277 | Lair:1   | Killed Charly's ghost
 12296 | Lair:1   | Reached skill level 10 in Shields
 12350 | Lair:1   | Noticed Fannar
 12362 | Lair:1   | Killed Fannar
 12809 | Lair:1   | XOM: mild Hex miscast
 12814 | Lair:1   | XOM: chaos cloud
 12875 | Lair:1   | You fall through a shaft!
 13255 | Lair:2   | Noticed a seven-headed hydra
 13261 | Lair:2   | Killed a seven-headed hydra
 13310 | Lair:2   | XOM: polymorph hippogriff -> boring beetle
 13559 | Lair:2   | XOM: mild Air miscast
 13600 | Lair:2   | XOM: mild Necr miscast
 13679 | Lair:2   | Noticed a seven-headed hydra
 13690 | Lair:2   | Killed a nine-headed hydra
 13776 | Lair:2   | XOM: mild Necr miscast
 13924 | Lair:2   | XOM: give mutations
 13924 | Lair:2   | Gained mutation: You regenerate. [Xom's mischief]
 13924 | Lair:2   | Gained mutation: You are dopey. (Int -2) [Xom's mischief]
 13924 | Lair:2   | Gained mutation: You expend magic power (3 MP) to slightly strengthen your wands. [Xom's mischief]
 13924 | Lair:2   | Gained mutation: You are highly resistant to hostile enchantments. [Xom's mischief]
 14084 | Lair:3   | XOM: divination: detect creatures
 14132 | Lair:3   | XOM: fog
 14147 | Lair:3   | XOM: noise
 14155 | Lair:3   | Noticed a seven-headed hydra
 14165 | Lair:3   | Reached skill level 11 in Unarmed Combat
 14175 | Lair:3   | Killed an eight-headed hydra
 14176 | Lair:3   | Noticed a six-headed hydra
 14177 | Lair:3   | XOM: divination: magic mapping
 14179 | Lair:3   | Killed a six-headed hydra
 14188 | Lair:3   | Found a frozen archway.
 14215 | IceCv    | Entered an ice cave
 14222 | IceCv    | Reached XP level 13. HP: 66/131 MP: 18/21
 14587 | IceCv    | XOM: summons 6 friendly demons
 14592 | IceCv    | XOM: mild Summ miscast
 14756 | IceCv    | XOM: noise
 14946 | IceCv    | XOM: medium Ice miscast
 14951 | IceCv    | XOM: smoke on damage
 14970 | IceCv    | Reached skill level 10 in Fighting
 15278 | IceCv    | Found an ancient bone altar of Kikubaaqudgha.
 15474 | Lair:3   | XOM: cast spell 'Dragon Form'
 15673 | Lair:3   | XOM: mild Tloc miscast
 15685 | Lair:3   | XOM: noise
 15788 | Lair:3   | XOM: enchant monster (bad)
 15792 | Lair:3   | XOM: confuse monster(s)
 15858 | Lair:3   | XOM: mild Ice miscast
 16070 | Lair:3   | XOM: mild Air miscast
 16099 | Lair:3   | XOM: mild Ice miscast
 16153 | Lair:4   | Noticed Rupert
 16153 | Lair:4   | XOM: chaos cloud
 16379 | Lair:4   | XOM: enchant monster (bad)
 16383 | Lair:4   | Reached skill level 12 in Unarmed Combat
 16389 | Lair:4   | XOM: vitrification
 16405 | Lair:4   | XOM: enchant monster (bad)
 16416 | Lair:4   | XOM: confusion (+ monsters)
 16584 | Lair:4   | Reached skill level 1 in Dodging
 16589 | Lair:4   | Found a staircase to the Snake Pit.
 16590 | Lair:4   | XOM: silly message
 16615 | Lair:4   | XOM: blink monster(s)
 16656 | Lair:4   | XOM: enchant monster (good)
 16684 | Lair:4   | Killed Rupert
 16974 | Lair:4   | XOM: enchant monster (good)
 17250 | Lair:4   | XOM: colour smoke trail
 17302 | Lair:4   | XOM: harmless Chrm miscast
 17460 | Lair:2   | XOM: harmless Tloc miscast
 17655 | D:5      | Bought a runed large shield for 144 gold pieces
 17655 | D:5      | Bought a steaming robe for 182 gold pieces
 17675 | D:5      | Identified the +5 robe of the Trees {rElec Int+6 Dex+6 Slay+3 Stlth-} (You bought it in a shop on level 5 of the Dungeon)
 18115 | Lair:5   | XOM: medium Pois miscast
 18120 | Lair:5   | XOM: smoke on damage
 18124 | Lair:5   | XOM: noise
 18341 | Lair:5   | Identified a scroll of acquirement
 18404 | Lair:5   | XOM: noise
 18508 | Lair:5   | XOM: destruction
 18632 | Lair:5   | XOM: smoke on damage
 18633 | Lair:5   | XOM: confusion (+ monsters)
 18693 | Lair:5   | XOM: summons 4 hostile demons
 19120 | Lair:6   | XOM: harmless Hex miscast
 19172 | Lair:6   | XOM: summons friendly ufetubus
 19199 | Lair:6   | Found a staircase to the Swamp.
 19264 | Lair:6   | XOM: god gift: 870 gold pieces
 19382 | Lair:6   | XOM: fog
 19454 | Lair:6   | XOM: summons 1 hostile demon
 19640 | Lair:6   | XOM: chaos cloud
 19731 | Lair:6   | XOM: summons 3 hostile shadow creatures
 19737 | Lair:6   | XOM: silly message
 19877 | Lair:6   | XOM: god gift: 1450 gold pieces
 19943 | Lair:7   | Found a staircase to the Slime Pits.
 19963 | Lair:7   | XOM: mild Hex miscast
 19974 | Lair:7   | Reached XP level 14. HP: 138/144 MP: 22/22
 20012 | Lair:7   | Reached skill level 5 in Dodging
 20019 | Lair:7   | XOM: mild Chrm miscast
 20242 | Lair:7   | XOM: cast spell 'Blink'
 20274 | Lair:7   | XOM: harmless Chrm miscast
 20328 | Lair:7   | XOM: noise
 20389 | Lair:7   | XOM: enchant monster (bad)
 20652 | Lair:7   | Got a glittering jade ring
 20662 | Lair:7   | Identified the ring "Ynusasch" {Fire Dex+4} (You found it on level 7 of the Lair of Beasts)
 20829 | Lair:8   | XOM: noise
 20829 | Lair:8   | Entered Level 8 of the Lair of Beasts
 20923 | Lair:8   | Learned a level 1 spell: Summon Butterflies
 20932 | Lair:8   | XOM: enchant monster (bad)
 20937 | Lair:8   | XOM: cast spell 'Spider Form'
 20942 | Lair:8   | XOM: summons 6 friendly demons
 20944 | Lair:8   | XOM: confuse monster(s)
 20980 | Lair:8   | XOM: scenery: create altars
 21003 | Lair:8   | Noticed WhatIsLove's ghost (powerful DgCj)
 21003 | Lair:8   | XOM: summons 11 friendly demons
 21013 | Lair:8   | Killed WhatIsLove's ghost
 21136 | Lair:8   | XOM: god gift: 54 gold pieces
 21181 | Lair:8   | XOM: snakes to sticks
 21194 | Lair:8   | XOM: summons 4 friendly demons
 21466 | Lair:8   | XOM: confuse monster(s)
 21571 | Lair:8   | XOM: divination: magic mapping
 21605 | Lair:8   | Found a burning altar of Makhleb.
 21624 | Lair:8   | XOM: divination: detect creatures
 21629 | Lair:8   | XOM: summons friendly ufetubus
 21654 | Lair:8   | XOM: confuse monster(s)
 21771 | Lair:8   | XOM: god gift: 2 fruits
 21785 | Lair:8   | XOM: swap monsters
 21858 | Lair:8   | Found a gateway to Hell.
 22016 | Lair:3   | XOM: give mutations
 22016 | Lair:3   | Lost mutation: You are highly resistant to hostile enchantments. [Xom's mischief]
 22016 | Lair:3   | Gained mutation: You are partially covered in thin metallic scales (AC +2). [Xom's mischief]
 22016 | Lair:3   | Lost mutation: You expend magic power (3 MP) to slightly strengthen your wands. [Xom's mischief]
 22155 | D:10     | XOM: colour smoke trail
 22363 | Orc:3    | Found a staircase to the Elven Halls.
 22590 | Orc:3    | Noticed Gastronok
 22593 | Orc:3    | XOM: give mutations
 22593 | Orc:3    | Gained mutation: You can breathe flames. [Xom's grace]
 22593 | Orc:3    | Gained mutation: You are partially covered in icy blue scales (AC +1). [Xom's grace]
 22593 | Orc:3    | Gained mutation: You possess an exceptional clarity of mind. [Xom's grace]
 22601 | Orc:3    | XOM: summons friendly quasit
 22620 | Orc:3    | XOM: polymorph orc -> adder
 22650 | Orc:3    | XOM: repel stairs
 22652 | Orc:3    | XOM: harmless Air miscast
 22655 | Orc:3    | Killed Gastronok
 22704 | Orc:3    | XOM: medium Ice miscast
 22790 | Orc:3    | XOM: god gift: club {god gift}
 22858 | Orc:3    | XOM: scenery: create altars
 22939 | Orc:3    | XOM: colour smoke trail
 22948 | Orc:4    | Entered Level 4 of the Orcish Mines
 22963 | Orc:4    | Found a dark tunnel.
 22970 | Volcano  | Entered a volcano
 22989 | Volcano  | XOM: summons friendly crimson imp
 23359 | Orc:4    | XOM: god gift: lantern of shadows
 23748 | Orc:4    | XOM: enchant monster (good)
 23749 | Orc:4    | XOM: polymorph ice devil -> soul eater
 23811 | Orc:4    | XOM: confuse monster(s)
 23899 | Orc:4    | Found Wutotail's Jewellery Boutique.
 23901 | Orc:4    | Found Phuup's Book Emporium.
 23902 | Orc:4    | Found Myus' Book Boutique.
 23903 | Orc:4    | Found Juokhy's Assorted Antiques.
 23928 | Orc:4    | Bought a book of Hinderance for 300 gold pieces
 23928 | Orc:4    | Bought a book of Cantrips for 300 gold pieces
 23931 | Orc:4    | Learned a level 2 spell: Confusing Touch
 23933 | Orc:4    | Learned a level 1 spell: Animate Skeleton
 23935 | Orc:4    | Learned a level 1 spell: Apportation
 23938 | Orc:4    | Bought a leatherbound book for 465 gold pieces
 23942 | Orc:4    | Learned a level 3 spell: Ozocubu's Armour
 24011 | Orc:3    | XOM: god gift: hardcover book {god gift}
 24016 | Orc:3    | Learned a level 2 spell: Swiftness
 24063 | D:12     | XOM: vitrification
 24076 | D:13     | Found Seacien's Antique Weapon Shop.
 24088 | D:13     | Bought a translucent blowgun for 277 gold pieces
 24088 | D:13     | Identified the +10 blowgun of Defence {evade, -Cast +Fly MP-9 Str+4 Dex+4} (You bought it in a shop on level 13 of the Dungeon)
 24139 | D:13     | Reached XP level 15. HP: 152/152 MP: 21/23
 24140 | D:13     | Noticed Nergalle
 24150 | D:13     | Killed Nergalle
 24150 | D:13     | Reached skill level 13 in Shields
 24169 | D:13     | XOM: summons friendly quasit
 24201 | D:13     | XOM: scenery: create altars
 24227 | D:13     | Found a gate to the Vaults.
 24439 | D:13     | XOM: fake destruction
 24471 | D:14     | XOM: fog
 24515 | D:14     | XOM: confuse monster(s)
 24617 | D:14     | XOM: confuse monster(s)
 24684 | D:14     | You fall through a shaft!
 24684 | D:15     | Entered Level 15 of the Dungeon
 24684 | D:15     | Found a staircase to the Depths.
 24699 | D:15     | XOM: swap monsters
 24878 | D:15     | XOM: enchant monster (good)
 24903 | D:15     | XOM: enchant monster (good)
 24907 | D:15     | XOM: summons friendly quasit
 24991 | D:15     | XOM: mild Erth miscast
 25165 | D:15     | Noticed Sonja
 25180 | D:15     | Killed Sonja
 25272 | D:15     | XOM: swap monsters
 25284 | D:15     | XOM: divination: magic mapping
 25352 | D:15     | Reached skill level 10 in Dodging
 25526 | D:15     | XOM: severe Trmt miscast
 25554 | D:15     | XOM: harmless Tloc miscast
 25641 | D:15     | XOM: noise
 25818 | D:14     | Reached skill level 14 in Shields
 25956 | D:14     | XOM: mild Divn miscast
 25959 | D:14     | XOM: noise
 26007 | D:14     | Found a burning altar of Makhleb.
 26449 | D:8      | Bought an uncursed amulet of resist corrosion for 280 gold pieces
 26464 | D:9      | XOM: harmless Conj miscast
 26684 | Slime:1  | Entered Level 1 of the Pits of Slime
 26684 | Slime:1  | Noticed an acid blob
 26684 | Slime:1  | Noticed an azure jelly
 26684 | Slime:1  | Noticed an azure jelly
 26688 | Lair:7   | XOM: cast spell 'Summon Hydra'
 26708 | Lair:7   | Killed an azure jelly
 26708 | Lair:7   | Reached skill level 1 in Ice Magic
 26708 | Lair:7   | Killed an azure jelly
 26763 | Lair:7   | XOM: mild Summ miscast
 26902 | Lair:7   | XOM: enchant monster (good)
 26913 | Lair:7   | XOM: smoke on damage
 26915 | Lair:7   | Killed an acid blob
 26935 | Lair:7   | XOM: colour smoke trail
 27042 | Lair:7   | XOM: silly message
 27083 | Slime:3  | Noticed an azure jelly
 27085 | Slime:3  | XOM: summons friendly quasit
 27091 | Slime:3  | Noticed an azure jelly
 27101 | Slime:4  | Noticed an acid blob
 27145 | Slime:5  | XOM: polymorph slime creature -> giant orange brain
 27147 | Slime:5  | Found a viscous altar of Jiyva.
 27150 | Slime:5  | Noticed an azure jelly
 27153 | Slime:5  | Fell from the grace of Xom
 27153 | Slime:5  | Became a worshipper of Jiyva Jeddo the Shapeless
 27300 | Lair:7   | Upgraded the game from 0.16-a0-4088-g7c8221e to 0.16-a0-4092-gb8933cd
 27444 | Lair:1   | Acquired Jiyva's first power
 27910 | Orc:1    | Acquired Jiyva's second power
 27980 | Orc:2    | Gained mutation: Your rubbery body absorbs attacks (AC +1). [Jiyva's grace]
 28009 | Orc:2    | Acquired Jiyva's third power
 28014 | Orc:2    | Gained mutation: Armour fits poorly on your pseudopods. [Jiyva's grace]
 28299 | Orc:3    | XOM: noise
 28456 | Orc:3    | Lost mutation: You can spit poison. [Jiyva's grace]
 28463 | Orc:3    | Acquired Jiyva's fourth power
 28465 | Orc:3    | Lost mutation: You are somewhat resistant to further mutation. [Jiyva's grace]
 28497 | Orc:4    | Reached XP level 16. HP: 159/159 MP: 24/24
 28520 | Orc:4    | Lost mutation: Armour fits poorly on your pseudopods. [Jiyva's grace]
 28554 | Orc:4    | Lost mutation: You possess an exceptional clarity of mind. [Jiyva's grace]
 28602 | Orc:4    | Lost mutation: You are dopey. (Int -2) [Jiyva's grace]
 28648 | D:12     | Lost mutation: Armour fits poorly on your strangely shaped body. [Jiyva's power]
 29045 | Swamp:1  | Entered Level 1 of the Swamp
 29088 | Swamp:1  | Reached skill level 5 in Ice Magic
 29111 | Swamp:1  | Noticed an acid blob
 29111 | Swamp:1  | a six-headed hydra changed into an acid blob
 29128 | Swamp:1  | Lost mutation: You have a pair of small antennae on your head. [Jiyva's grace]
 29246 | Swamp:1  | Noticed an acid blob
 29246 | Swamp:1  | an eight-headed hydra changed into an acid blob
 29427 | Swamp:1  | Lost mutation: You are partially covered in thin metallic scales (AC +2). [Jiyva's grace]
 29430 | Swamp:1  | Noticed Maud
 29441 | Swamp:1  | Killed Maud
 29741 | Swamp:2  | XOM: noise
 29820 | Swamp:2  | XOM: enchant monster (bad)
 30000 | Swamp:2  | Lost mutation: You are partially covered in icy blue scales (AC +1). [Jiyva's grace]
 30293 | Swamp:2  | XOM: give mutations
 30293 | Swamp:2  | Lost mutation: You regenerate. [Xom's mischief]
 30293 | Swamp:2  | Lost mutation: You are resistant to hostile enchantments. [Xom's mischief]
 30482 | Swamp:3  | Lost mutation: You can translocate small distances at will. [Jiyva's grace]
 30585 | Swamp:3  | Reached skill level 15 in Shields
 30831 | Swamp:3  | XOM: mild Conj miscast
 30917 | Swamp:3  | XOM: give mutations
 30917 | Swamp:3  | Gained mutation: You are frail (-10% HP). [Xom's mischief]
 30917 | Swamp:3  | Gained mutation: Scrolls take you a little longer to read. [Xom's mischief]
 31220 | Swamp:4  | Gained mutation: You have a pair of small horns on your head. [Jiyva's grace]
 31249 | Swamp:4  | Found a bloodstained altar of Trog.
 31421 | Swamp:4  | Reached skill level 1 in Translocations
 31493 | Swamp:4  | Noticed Wiglaf
 31495 | Swamp:4  | Gained mutation: You are partially covered in iridescent scales (AC +4). [Jiyva's grace]
 31516 | Swamp:4  | Killed Wiglaf
 31534 | Swamp:4  | Gained mutation: Your muscles are strong. (Str +2) [potion of beneficial mutation]
 31845 | Swamp:4  | XOM: medium Air miscast
 31992 | Swamp:5  | Entered Level 5 of the Swamp
 32000 | Swamp:5  | Noticed an acid blob
 32000 | Swamp:5  | an eight-headed hydra changed into an acid blob
 32338 | Swamp:5  | Killed an acid blob
 32763 | Swamp:5  | Noticed Aizul
 32951 | Swamp:4  | Killed Aizul
 33211 | Swamp:5  | Lost mutation: You are frail (-10% HP). [Jiyva's grace]
 33279 | Swamp:5  | XOM: mild Air miscast
 33294 | Swamp:5  | Got a decaying rune of Zot
 33358 | Swamp:5  | Reached skill level 10 in Ice Magic
 33395 | Swamp:5  | XOM: noise
 33404 | Swamp:5  | Noticed Nikola
 33424 | Swamp:5  | Killed Nikola
 33677 | Swamp:5  | Reached XP level 17. HP: 167/167 MP: 25/25
 33705 | Swamp:5  | Gained mutation: Your skin changes colour to match your surroundings (Stealth). [Jiyva's grace]
 34072 | Snake:1  | Entered Level 1 of the Snake Pit
 34088 | Snake:1  | XOM: blink monster(s)
 34153 | Snake:1  | Gained mutation: You have a small jelly attached to you that senses nearby items. [Jiyva's grace]
 34342 | Snake:1  | Found a runed door.
 34407 | Snake:1  | Learned a level 2 spell: Song of Slaying
 34411 | Snake:1  | Learned a level 3 spell: Regeneration
 34431 | Snake:1  | XOM: polymorph jelly -> sheep
 34634 | Snake:1  | Lost mutation: You have a pair of small horns on your head. [Jiyva's grace]
 34692 | Snake:1  | XOM: medium Tloc miscast
 34906 | Snake:2  | XOM: 1-stop teleportation journey
 35067 | Snake:2  | XOM: severe Necr miscast
 35114 | Snake:2  | Gained mutation: Your spells are a little easier to cast, but a little less powerful. [potion of mutation]
 35114 | Snake:2  | Lost mutation: Your muscles are strong. (Str +2) [potion of mutation]
 35115 | Snake:2  | Lost mutation: Scrolls take you a little longer to read. [Jiyva's power]
 35116 | Snake:2  | Lost mutation: Your spells are a little easier to cast, but a little less powerful. [Jiyva's power]
 35125 | Snake:2  | XOM: mild Air miscast
 35136 | Snake:2  | XOM: noise
 35185 | Snake:2  | XOM: medium Summ miscast
 35243 | Snake:2  | Gained mutation: You have a pair of small antennae on your head. [Jiyva's grace]
 35389 | Snake:2  | Noticed Azrael
 35396 | Snake:2  | Killed Azrael
 35734 | Snake:2  | XOM: divination: detect creatures
 35764 | Snake:2  | Gained mutation: You are somewhat resistant to further mutation. [Jiyva's grace]
 35823 | Snake:2  | XOM: mild Fire miscast
 35988 | Snake:3  | XOM: 1-stop teleportation journey
 35989 | Snake:3  | Noticed Scytalen's ghost (mighty DrFE)
 36002 | Snake:3  | Killed Scytalen's ghost
 36295 | Snake:3  | Lost mutation: You have a small jelly attached to you that senses nearby items. [Jiyva's grace]
 36329 | Snake:3  | Gained mutation: Your body is partially covered in golden eyeballs (Acc +3). [Jiyva's grace]
 36538 | Snake:3  | XOM: torment (82/167 hp)
 36671 | Snake:3  | Lost mutation: You are somewhat resistant to further mutation. [Jiyva's grace]
 36802 | Snake:3  | XOM: summons 4 hostile demons
 36883 | Snake:4  | Lost mutation: You have a pair of small antennae on your head. [Jiyva's grace]
 37085 | Snake:4  | Gained mutation: You expend magic power (3 MP) to slightly strengthen your wands. [Jiyva's grace]
 37146 | Snake:4  | XOM: give mutation
 37146 | Snake:4  | Gained mutation: Your flesh is heat resistant. [Xom's mischief]
 37174 | Snake:4  | Noticed Snorg
 37184 | Snake:4  | Killed Snorg
 37234 | Snake:4  | XOM: blink monster(s)
 37285 | Snake:4  | Lost mutation: Your flesh is heat resistant. [Jiyva's grace]
 37317 | Snake:4  | HP: 6/167 [naga warrior/club (21)]
 37317 | Snake:4  | HP: 1/167 [naga warrior/club (5)]
 37318 | Snake:4  | Succumbed to a black mamba's poison

Action                   |  1- 3 |  4- 6 |  7- 9 | 10-12 | 13-15 | 16-18 || total
-------------------------+-------+-------+-------+-------+-------+-------++-------
Melee: Unarmed           |    95 |   122 |   412 |   919 |  1690 |  1169 ||  4407
       Halberd           |       |       |     2 |       |       |       ||     2
       Rod               |       |       |       |       |       |     1 ||     1
Throw: Stone             |       |       |     1 |     2 |       |       ||     3
       Large rock        |       |       |     2 |    11 |     4 |       ||    17
       Javelin           |       |       |       |     6 |     1 |       ||     7
       Tomahawk          |       |       |       |       |     2 |       ||     2
 Cast: Animate Skeleton  |       |       |       |       |       |     7 ||     7
       Ozocubu's Armour  |       |       |       |       |       |     2 ||     2
       Apportation       |       |       |       |       |       |     2 ||     2
Invok: Request Jelly     |       |       |       |       |     4 |    11 ||    15
       Slimify           |       |       |       |       |       |    13 ||    13
       Cure Bad Mutation |       |       |       |       |       |     5 ||     5
 Abil: Evoke Berserk Rag |       |       |       |     6 |     6 |     1 ||    13
       Blink             |       |       |       |     1 |       |       ||     1
Evoke: Wand              |       |       |       |    16 |    12 |     2 ||    30
       Rod               |       |       |       |     4 |    18 |    13 ||    35
       Disc of storms    |       |       |       |       |       |     2 ||     2
  Use: Scroll            |     6 |     2 |    11 |    13 |    26 |     8 ||    66
       Potion            |       |       |     1 |     7 |     5 |    11 ||    24
 Stab: Sleeping          |     1 |     1 |     3 |     6 |     1 |     5 ||    17
       Distracted        |       |     1 |       |     3 |     8 |     4 ||    16
       Paralysed         |       |       |     1 |     1 |     1 |       ||     3
       Invisible         |       |       |     1 |       |       |       ||     1
       Petrified         |       |       |       |     2 |       |       ||     2
       Confused          |       |       |       |     1 |     9 |     4 ||    14
  Eat: Chunk             |    11 |    19 |    34 |    68 |   112 |     3 ||   247
       Meat ration       |     1 |       |       |       |     4 |     4 ||     9
       Pizza             |       |       |       |     4 |     2 |       ||     6
       Beef jerky        |       |       |       |       |     2 |     1 ||     3
